 Dungeon Crawl Stone Soup version 0.23.2-40-g277498a001 (webtiles) character file.

Game seed: 5987744523862636799

9220 CitizenNev the Fighter (level 11, -3/93 HPs)
             Began as a Formicid Fighter on Aug 20, 2019.
             Was an Elder of Okawaru.
             Splashed by a brown ugly thing's acid (5 damage)
             ... on level 10 of the Dungeon.
             The game lasted 00:38:37 (13353 turns).

CitizenNev the Fighter (Formicid Fighter)          Turns: 13353, Time: 00:38:38

Health: -3/93      AC:  7    Str: 29    XL:     11   Next: 70%
Magic:  11/11      EV:  8    Int:  8    God:    Okawaru [****..]
Gold:   633        SH: 13    Dex: 10    Spells: 10/10 levels left

rFire    . . .     SeeInvis +   o - +4 mace
rCold    . . .     Gourm    .   c - +1 shield
rNeg     . . .     Faith    .   v - +0 plate armour
rPois    .         Spirit   .   (helmet unavailable)
rElec    .         Reflect  .   (no cloak)
rCorr    .         Harm     .   (no gloves)
MR       +....                  y - +0 pair of boots
Stlth    ..........             (no amulet)
HPRegen  0.25/turn              d - +3 ring of protection
MPRegen  0.12/turn              l - +5 ring of strength

@: corroded, very slightly contaminated, invisible
A: permanent stasis, dig shafts and tunnels, four strong arms, antennae 3
a: Dig, Shaft Self, Heroism, Renounce Religion


You were on level 10 of the Dungeon.
You worshipped Okawaru.
Okawaru was greatly pleased with you.
You were not hungry.

You visited 2 branches of the dungeon, and saw 12 of its levels.
You also visited: Sewer.

You collected 633 gold pieces.

Inventory:

Hand Weapons
 o - a +4 mace (weapon)
Armour
 c - a +1 shield (worn)
 v - a +0 plate armour (worn)
 y - a +0 pair of boots (worn)
Jewellery
 d - a +3 ring of protection (left hand)
 l - a +5 ring of strength (right hand)
 t - an uncursed ring of wizardry
Wands
 b - a wand of clouds (5)
 q - a wand of flame (7)
Scrolls
 g - 3 scrolls of magic mapping
 h - 3 scrolls of remove curse
 i - 3 scrolls of enchant weapon
 j - a scroll of enchant armour
 n - a scroll of fog
 p - a scroll of amnesia
 s - a scroll of fear
 x - a scroll of identify
Potions
 a - 2 potions of brilliance
 e - a potion of magic
 k - a potion of curing
 m - 2 potions of flight
 r - 2 potions of resistance
 u - a potion of agility
 z - 2 potions of invisibility
Comestibles
 f - 26 rations
 A - 17 chunks of flesh


   Skills:
 - Level 11.0 Fighting
 - Level 10.1 Maces & Flails
 - Level 10.0 Armour
 - Level 0.5 Dodging
 * Level 8.5 Shields
 - Level 1.0 Invocations


You had 10 spell levels left.
You didn't know any spells.
Your spell library contained the following spells:

 Spells                   Type           Power        Failure   Level  Hunger
 Magic Dart               Conj           #...         98%         1    ##.....
 Sandblast                Erth           #.....       98%         1    ##.....
 Shock                    Conj/Air       #...         98%         1    ##.....
 Call Imp                 Summ           #.......     99%         2    ###....
 Passwall                 Tmut/Erth      #.......     99%         2    ###....
 Slow                     Hex            #.......     99%         2    ###....
 Swiftness                Chrm/Air       #.......     99%         2    ###....
 Conjure Flame            Conj/Fire      #.......     100%        3    ####...
 Mephitic Cloud           Conj/Pois/Air  #.......     100%        3    ####...
 Static Discharge         Conj/Air       #.......     100%        3    ####...
 Stone Arrow              Conj/Erth      #.....       100%        3    ####...
 Airstrike                Air            #.........   100%        4    #####..
 Petrify                  Tmut/Erth      #.......     100%        4    #####..
 Lee's Rapid Deconstruct  Erth           #.........   100%        5    ######.
 Lightning Bolt           Conj/Air       #.........   100%        5    ######.
 Blink                    Tloc           Unusable     N/A         2    N/A

Dungeon Overview and Level Annotations

Branches:
Dungeon (11/15)            Temple (1/1) D:7            Lair (0/6) D:10
    Orc: D:9-12

Altars:
Ashenzari
Cheibriados
Dithmenos
Elyvilon
Fedhas
Gozag
Hepliaklqana
Kikubaaqudgha
Makhleb
Nemelex Xobeh
Okawaru
Qazlal
Ru
Sif Muna
Trog
Uskayaw
Vehumet
Wu Jian
Xom
Yredelemnul
Zin
The Shining One

Shops:
D:7 ?

Annotations:
D:10 exclusion: oklob plant


Innate Abilities, Weirdness & Mutations

You cannot be hasted, slowed, berserked, paralysed or teleported.
You can dig through walls and to a lower floor.
Your four strong arms can wield two-handed weapons with a shield.
You have a pair of large antennae on your head. (SInv)


Message History

The centaur shoots an arrow.
The arrow hits you.
* * * LOW HITPOINT WARNING * * *
You fade into invisibility!
The centaur shoots an arrow.
You block the arrow.
The centaur shoots an arrow.
You block the arrow.
The centaur shoots an arrow.
The arrow barely misses you.
The brown ugly thing closely misses you.
You are very lightly contaminated with residual magic.
The centaur shoots an arrow.
The arrow hits the brown ugly thing!
There is a stone staircase leading up here.
The centaur shoots an arrow.
The arrow barely misses the brown ugly thing.
The brown ugly thing closely misses you.
The centaur shoots an arrow.
The arrow hits the brown ugly thing!
You climb upwards.
Level annotation: exclusion: oklob plant
There is a stone staircase leading down here.
You feel better. The brown ugly thing headbutts you!
* * * LOW HITPOINT WARNING * * *
The acid corrodes you!
You are splashed with acid.
You die...

#.#
#..#...≈...#...##...##.###.
#.#
#....#...#....###.####.# #.
#.####...##$PP##...###.#
#.# #.
#.##...#..P.PP...#.....#
#.# #.
#.##<..#≈..P>P..≈#.#####
#.# #.
##.##.).#.....PP..#.# #.#
#. #.....)...##.P.##...#
#.# #.
#..........#...#....# #.#
#. #........#...≈..@#..#
#.# #.
#####....$#######u..# #.#
## #...### #.# #..## #.#
#...# #.###.## #######.##
##.## #...>.####........#
#.######.................#
#............###########.#
#.######..##.####### #.#
#.# #........>..# #.###


You could see a brown ugly thing.

Vanquished Creatures
  Erica (D:9)
  A two-headed ogre (D:10)
  A troll (D:10)
  Sigmund (D:2)
  4 yaks (D:11)
  A spriggan (D:8)
  Menkaure (D:7)
  2 wargs (D:11)
  2 water moccasins
  6 orc warriors
  3 ice beasts
  A black bear (D:6)
  A necrophage (D:8)
  7 ogres
  4 centaurs
  3 big kobolds
  7 bullfrogs
  5 scorpions
  A water moccasin skeleton (D:9)
  6 killer bees
  15 wights
  6 howler monkeys
  2 quasits
  4 bullfrog zombies
  2 centaur zombies
  10 crimson imps
  4 jellies
  3 hounds
  5 orc priests
  A bullfrog skeleton (D:10)
  2 centaur skeletons
  2 iguanas
  11 orc wizards
  7 worker ants
  A killer bee zombie (D:5)
  3 hound skeletons
  Robin (D:4)
  A worker ant zombie (D:5)
  A howler monkey skeleton (D:6)
  3 river rats
  8 adders
  4 shadow imps
  An ooze (Sewer)
  4 adder skeletons
  2 adder zombies
  5 worms
  2 dart slugs
  6 leopard geckos
  33 orcs
  11 ball pythons
  5 bats
  7 giant cockroaches
  26 goblins
  6 hobgoblins
  18 jackals
  2 quokkas
  A frilled lizard (D:1)
  A jackal skeleton (D:5)
  17 kobolds
  12 rats
313 creatures vanquished.

Vanquished Creatures (others)
  4 plants (D:10)
4 creatures vanquished.

Grand Total: 317 creatures vanquished

Notes
Turn   | Place    | Note
-------+----------+-------------------------------------------
     0 | D:1      | CitizenNev the Formicid Fighter began the quest for the
                  | Orb.
     0 | D:1      | Reached XP level 1. HP: 18/18 MP: 1/1
   210 | D:1      | Reached XP level 2. HP: 14/24 MP: 2/2
   588 | D:1      | Reached XP level 3. HP: 19/29 MP: 3/3
  1393 | D:2      | Reached XP level 4. HP: 20/35 MP: 4/4
  1691 | D:2      | Noticed Sigmund
  1702 | D:2      | Killed Sigmund
  1702 | D:2      | Reached XP level 5. HP: 12/41 MP: 5/5
  1702 | D:2      | Reached XP level 6. HP: 14/47 MP: 6/6
  2358 | D:3      | Found a burning altar of Makhleb.
  2358 | D:3      | Found a sacrificial altar of Ru.
  2358 | D:3      | Found a hide-covered altar of Uskayaw.
  2361 | D:3      | Found a white marble altar of Elyvilon.
  3341 | D:4      | Reached skill level 4 in Fighting
  3533 | D:4      | Noticed Robin
  3606 | D:4      | Killed Robin
  3796 | D:4      | Reached XP level 7. HP: 50/55 MP: 7/7
  3825 | D:4      | Reached skill level 5 in Fighting
  4293 | D:5      | Entered Level 5 of the Dungeon
  4407 | D:5      | Reached skill level 6 in Fighting
  4558 | D:5      | Reached skill level 7 in Fighting
  4558 | D:5      | Reached XP level 8. HP: 34/67 MP: 8/8
  4719 | D:5      | Found a shimmering altar of Xom.
  4763 | D:5      | Reached skill level 5 in Armour
  4835 | D:5      | Found a glowing drain.
  4848 | Sewer    | Entered a sewer
  5091 | Sewer    | Reached skill level 5 in Shields
  5793 | D:5      | Reached skill level 8 in Fighting
  5919 | D:6      | Reached XP level 9. HP: 61/75 MP: 9/9
  6038 | D:6      | Reached skill level 9 in Fighting
  6194 | D:6      | Reached skill level 10 in Fighting
  6880 | D:7      | Noticed Menkaure
  7117 | D:7      | Reached skill level 11 in Fighting
  7173 | D:7      | Found a staircase to the Ecumenical Temple.
  7179 | Temple   | Entered the Ecumenical Temple
  7212 | Temple   | Became a worshipper of Warmaster Okawaru
  7939 | D:7      | Found Buethiofot's Magic Scroll Shop.
  7963 | D:7      | Killed Menkaure
  7963 | D:7      | Reached * piety under Okawaru
  7963 | D:7      | Reached XP level 10. HP: 67/87 MP: 10/10
  9157 | D:8      | Found a sacrificial altar of Ru.
  9200 | D:8      | Found a basalt altar of Yredelemnul.
 10260 | D:9      | Reached ** piety under Okawaru
 10266 | D:9      | Reached skill level 10 in Maces & Flails
 10529 | D:9      | Noticed Erica
 10554 | D:9      | Killed Erica
 10603 | D:9      | Found a hazy altar of Hepliaklqana.
 10654 | D:9      | Reached *** piety under Okawaru
 11260 | D:10     | Entered Level 10 of the Dungeon
 11270 | D:10     | Noticed an oklob plant
 11352 | D:10     | Reached XP level 11. HP: 34/93 MP: 11/11
 12024 | D:10     | Noticed a two-headed ogre
 12025 | D:10     | Found a staircase to the Lair.
 12043 | D:10     | Killed a two-headed ogre
 12043 | D:10     | Reached skill level 10 in Armour
 12043 | D:10     | Reached skill level 1 in Invocations
 12403 | D:10     | Reached **** piety under Okawaru
 13314 | D:11     | Noticed a brown ugly thing
 13344 | D:11     | HP: 1/93 [centaur/arrow (6)]
 13353 | D:10     | HP: 2/93 [brown ugly thing (7)]
 13353 | D:10     | Splashed by a brown ugly thing's acid

Skill      XL: |  1  2  3  4  5  6  7  8  9 10 11 |
---------------+----------------------------------+-----
Maces & Flails | 3 6 7 10 | 10.1
Fighting       | 4 7 8 11 | 11.0
Armour         | 5 7 10 | 10.0
Shields        | 5 8 |  8.5
Invocations    | 1 |  1.0
Dodging        | |  0.5

Action                   |  1- 3 |  4- 6 |  7- 9 | 10-12 || total
-------------------------+-------+-------+-------+-------++-------
Melee: Mace              |   142 |   163 |   461 |   555 ||  1321
       Flail             |     3 |       |       |       ||     3
Invok: Heroism           |       |       |       |     8 ||     8
  Use: Potion            |       |     3 |     3 |     7 ||    13
       Scroll            |       |    13 |     6 |     2 ||    21
  Eat: Chunk             |     2 |     7 |    11 |    18 ||    38
       Ration            |       |       |     1 |       ||     1
Armor: Scale mail        |    75 |    13 |       |       ||    88
       Chain mail        |       |    41 |   238 |    49 ||   328
       Plate armour      |       |       |       |   177 ||   177
Dodge: Dodged            |    59 |    51 |   112 |   136 ||   358
Block: Shield            |    93 |    68 |   273 |   317 ||   751
